| TOP OF THE 1ST |
|
Havana Conejitos batting - Pitching for Monterrey Lasers : LHP Kevin Houston
|
|
Pitching: LHP Kevin Houston
|
|
|
Batting: RHB Ulises Infante
|
0-0: Ball 1-0: Ball 2-0: Foul Ball, location: 2F 2-1: Swinging Strike 2-2: Foul Ball, location: 2F 2-2: Ball 3-2: Foul Ball, location: 2F 3-2: Strikes out swinging
|
|
Batting: LHB Scott Radloff
|
0-0: Fly out, F4 (Line Drive, 4, EV 63.8 MPH)
|
|
Batting: RHB Luis Gonzalez
|
0-0: Ball 1-0: Foul Ball, location: 2F 1-1: Ball 2-1: Ball 3-1: Foul Ball, location: 2F 3-2: Base on Balls
|
|
Batting: LHB Jim Bennett
|
0-0: Ball 1-0: Ball 2-0: Ball 3-0: Called Strike 3-1: Swinging Strike 3-2: Ground out 4-3 (Groundball, 34D, EV 81.9 MPH)
|
| Top of the 1st over - 0 runs, 0 hits, 0 errors, 1 left on base; Havana 0 - Monterrey 0 |
| BOTTOM OF THE 1ST |
|
Monterrey Lasers batting - Pitching for Havana Conejitos : RHP Jayden Britz
|
|
Pitching: RHP Jayden Britz
|
|
|
Batting: LHB Lenny Dykstra
|
0-0: Ball 1-0: Ball 2-0: Called Strike 2-1: Foul Ball, location: 2F 2-2: Ball 3-2: Base on Balls
|
|
Batting: RHB Bob Brower
|
0-0: Called Strike Lenny Dykstra steals 2nd, throwing error, E2 Lenny Dykstra to third 0-1: Swinging Strike 0-2: Strikes out swinging
|
|
Batting: LHB Terry Francona
|
0-0: Ground out 4-3 (Groundball, 34, EV 106.9 MPH) Lenny Dykstra scores
|
|
Batting: RHB Kirby Puckett
|
0-0: Called Strike 0-1: Ball 1-1: Fly out, F8 (Flyball, 8RD, EV 91.3 MPH)
|
| Bottom of the 1st over - 1 run, 0 hits, 1 error, 0 left on base; Havana 0 - Monterrey 1 |
| TOP OF THE 2ND |
|
Havana Conejitos batting - Pitching for Monterrey Lasers : LHP Kevin Houston
|
|
Batting: RHB John Malkin
|
0-0: Ball 1-0: Ball 2-0: Swinging Strike 2-1: Ball 3-1: Base on Balls
|
|
Batting: LHB Donald Mazzilli
|
0-0: Ball 1-0: Called Strike 1-1: Ball 2-1: Ball 3-1: Base on Balls John Malkin to second
|
|
Batting: SHB Julio Estrada
|
0-0: Ball 1-0: Foul Ball, location: 2F 1-1: Foul Ball, location: 2F 1-2: Ball 2-2: Ball 3-2: Strikes out swinging
|
|
Batting: LHB Michael Wishnevski
|
0-0: Ball 1-0: Ball 2-0: Ball 3-0: Called Strike 3-1: Foul Ball, location: 2F 3-2: Base on Balls John Malkin to third Donald Mazzilli to second
|
|
Batting: RHB Ramon Borrero
|
0-0: Ball 1-0: Ball 2-0: Called Strike 2-1: Ball 3-1: Base on Balls John Malkin scores Donald Mazzilli to third Michael Wishnevski to second
|
|
Batting: RHB Ulises Infante
|
0-0: Fly out, F4 (Popup, 13, EV 79.4 MPH)
|
|
Batting: LHB Scott Radloff
|
0-0: Ball 1-0: Ball 2-0: Ball 3-0: Base on Balls Donald Mazzilli scores Michael Wishnevski to third Ramon Borrero to second
|
|
Batting: RHB Luis Gonzalez
|
0-0: Fly out, F7 (Flyball, 7S, EV 86.3 MPH)
|
| Top of the 2nd over - 2 runs, 0 hits, 0 errors, 3 left on base; Havana 2 - Monterrey 1 |
| BOTTOM OF THE 2ND |
|
Monterrey Lasers batting - Pitching for Havana Conejitos : RHP Jayden Britz
|
|
Batting: LHB Mike Kingery
|
0-0: Foul Ball, location: 2F 0-1: Ball 1-1: Foul Ball, location: 2F 1-2: Foul Ball, location: 2F 1-2: Strikes out swinging
|
|
Batting: RHB Juan Alvarez
|
0-0: Fly out, F7 (Flyball, 78S, EV 86.3 MPH)
|
|
Batting: LHB Larry Donofrio
|
0-0: Called Strike 0-1: Ball 1-1: Ball 2-1: Foul Ball, location: 2F 2-2: Ball 3-2: Foul Ball, location: 2F 3-2: Ground out 4-3 (Groundball, 4, EV 77.5 MPH)
|
| Bottom of the 2nd over - 0 runs, 0 hits, 0 errors, 0 left on base; Havana 2 - Monterrey 1 |
| TOP OF THE 3RD |
|
Havana Conejitos batting - Pitching for Monterrey Lasers : LHP Kevin Houston
|
|
Batting: LHB Jim Bennett
|
0-0: Called Strike 0-1: Foul Ball, location: 2F 0-2: Ball 1-2: Foul Ball, location: 2F 1-2: Strikes out swinging
|
|
Batting: RHB John Malkin
|
0-0: Ball 1-0: Swinging Strike 1-1: Ball 2-1: Called Strike 2-2: Strikes out swinging
|
|
Batting: LHB Donald Mazzilli
|
0-0: Called Strike 0-1: Ball 1-1: Ball 2-1: Ball 3-1: Called Strike 3-2: Strikes out swinging
|
| Top of the 3rd over - 0 runs, 0 hits, 0 errors, 0 left on base; Havana 2 - Monterrey 1 |
| BOTTOM OF THE 3RD |
|
Monterrey Lasers batting - Pitching for Havana Conejitos : RHP Jayden Britz
|
|
Batting: RHB Guillermo Montiel
|
0-0: Swinging Strike 0-1: Ground out 4-3 (Groundball, 4, EV 104.4 MPH)
|
|
Batting: RHB Juan Castro
|
0-0: Ball 1-0: Ball 2-0: Ball 3-0: Called Strike 3-1: SINGLE (Line Drive, 78S, EV 93.1 MPH)
|
|
Batting: LHB Lenny Dykstra
|
0-0: Ball 1-0: Ball 2-0: SINGLE (Line Drive, 7S, EV 105.0 MPH) Juan Castro to second
|
|
Batting: RHB Bob Brower
|
0-0: Ball Juan Castro steals 3rd base Lenny Dykstra to second 1-0: Fly out, F8 (Flyball, 8LD, EV 103.1 MPH)
|
|
Batting: LHB Terry Francona
|
0-0: Foul Ball, location: 2F 0-1: Ball 1-1: DOUBLE (Flyball, 78XD, EV 112.5 MPH) Juan Castro scores Lenny Dykstra scores
|
|
Batting: RHB Kirby Puckett
|
0-0: Called Strike 0-1: Ball 1-1: SINGLE (Flyball, 8LS, EV 101.3 MPH) Terry Francona to third Runner from 3rd tries for Home, SAFE, throw by CF to home
|
|
Batting: LHB Mike Kingery
|
0-0: Called Strike 0-1: Ball 1-1: Ball 2-1: Foul Ball, location: 2F 2-2: Strikes out swinging
|
| Bottom of the 3rd over - 3 runs, 4 hits, 0 errors, 1 left on base; Havana 2 - Monterrey 4 |
| TOP OF THE 4TH |
|
Havana Conejitos batting - Pitching for Monterrey Lasers : LHP Kevin Houston
|
|
Batting: SHB Julio Estrada
|
0-0: Called Strike 0-1: Ball 1-1: Ball 2-1: Ball 3-1: Base on Balls
|
|
Batting: LHB Michael Wishnevski
|
0-0: Called Strike 0-1: Ball 1-1: Ball 2-1: Foul Ball, location: 2F 2-2: Fly out, F8 (Flyball, 8LM, EV 85.6 MPH)
|
|
Batting: RHB Ramon Borrero
|
0-0: Swinging Strike 0-1: Foul Ball, location: 2F 0-2: Ball 1-2: Strikes out swinging
|
|
Batting: RHB Ulises Infante
|
0-0: Foul Ball, location: 2F 0-1: Ball Julio Estrada steals 2nd base 1-1: Swinging Strike 1-2: Fly out, F8 (Line Drive, 8LM, EV 110.6 MPH)
|
| Top of the 4th over - 0 runs, 0 hits, 0 errors, 1 left on base; Havana 2 - Monterrey 4 |
| BOTTOM OF THE 4TH |
|
Monterrey Lasers batting - Pitching for Havana Conejitos : RHP Jayden Britz
|
|
Batting: RHB Juan Alvarez
|
0-0: Ball 1-0: Ball 2-0: Ball 3-0: Called Strike 3-1: Foul Ball, location: 2F 3-2: Ground out 6-3 (Groundball, 6M, EV 86.3 MPH)
|
|
Batting: LHB Larry Donofrio
|
0-0: Ball 1-0: Foul Ball, location: 2F 1-1: Ground out U3 (Groundball, 3L, EV 85.0 MPH)
|
|
Batting: RHB Guillermo Montiel
|
0-0: Foul Ball, location: 2F 0-1: Foul Ball, location: 2F 0-2: Ground out U3 (Groundball, 3, EV 90.6 MPH)
|
| Bottom of the 4th over - 0 runs, 0 hits, 0 errors, 0 left on base; Havana 2 - Monterrey 4 |
| TOP OF THE 5TH |
|
Havana Conejitos batting - Pitching for Monterrey Lasers : LHP Kevin Houston
|
|
Batting: LHB Scott Radloff
|
0-0: Swinging Strike 0-1: Foul Ball, location: 2F 0-2: Ball 1-2: Ball 2-2: Strikes out swinging
|
|
Batting: RHB Luis Gonzalez
|
0-0: Ball 1-0: Fly out, F8 (Line Drive, 8LM, EV 91.9 MPH)
|
|
Batting: LHB Jim Bennett
|
0-0: Ball 1-0: Ball 2-0: Fly out, F7 (Flyball, 7S, EV 75.0 MPH)
|
| Top of the 5th over - 0 runs, 0 hits, 0 errors, 0 left on base; Havana 2 - Monterrey 4 |
| BOTTOM OF THE 5TH |
|
Monterrey Lasers batting - Pitching for Havana Conejitos : RHP Jayden Britz
|
|
Batting: RHB Juan Castro
|
0-0: Ball 1-0: Called Strike 1-1: Swinging Strike 1-2: Ball 2-2: Single, Error in OF, E9, batter to second base (Line Drive, 9S, EV 105.6 MPH)
|
|
Batting: LHB Lenny Dykstra
|
0-0: Foul Ball, location: 2F 0-1: Swinging Strike 0-2: Ball 1-2: Strikes out swinging
|
|
Batting: RHB Bob Brower
|
0-0: Called Strike 0-1: Foul Ball, location: 2F 0-2: Foul Ball, location: 2F 0-2: Ball 1-2: Ball 2-2: Foul Ball, location: 2F 2-2: Ball 3-2: Strikes out swinging
|
|
Batting: LHB Terry Francona
|
0-0: Ground out 6-3 (Groundball, 6, EV 98.1 MPH)
|
| Bottom of the 5th over - 0 runs, 1 hit, 1 error, 1 left on base; Havana 2 - Monterrey 4 |
| TOP OF THE 6TH |
|
Havana Conejitos batting - Pitching for Monterrey Lasers : LHP Kevin Houston
|
|
Batting: RHB John Malkin
|
0-0: Called Strike 0-1: Ball 1-1: Ground out 1-3 (Groundball, 13S, EV 62.5 MPH)
|
|
Batting: LHB Donald Mazzilli
|
0-0: Ball 1-0: Ball 2-0: Called Strike 2-1: Foul Ball, location: 2F 2-2: Strikes out looking
|
|
Batting: SHB Julio Estrada
|
0-0: Called Strike 0-1: Ball 1-1: Called Strike 1-2: Ball 2-2: Ball 3-2: SINGLE (Flyball, 8LS, EV 90.0 MPH)
|
|
Batting: LHB Michael Wishnevski
|
0-0: Called Strike 0-1: Foul Ball, location: 2F 0-2: Foul Ball, location: 2F 0-2: Ball 1-2: Foul Ball, location: 2F 1-2: Ball 2-2: Ball 3-2: Foul Ball, location: 2F 3-2: Base on Balls Julio Estrada to second
|
|
Batting: RHB Ramon Borrero
|
0-0: Ball 1-0: Ball 2-0: Foul Ball, location: 2F 2-1: Foul Ball, location: 2F 2-2: Ball 3-2: Base on Balls Julio Estrada to third Michael Wishnevski to second
|
|
Batting: RHB Ulises Infante
|
0-0: Called Strike 0-1: SINGLE (Groundball, 6MD, EV 103.1 MPH) Julio Estrada scores Michael Wishnevski to third Ramon Borrero to second Runner from 3rd tries for Home, SAFE, throw by CF to home
|
|
Batting: LHB Scott Radloff
|
0-0: Ball 1-0: Ball 2-0: Ball 3-0: Base on Balls Ramon Borrero to third Ulises Infante to second
|
|
Batting: RHB Luis Gonzalez
|
0-0: Called Strike 0-1: Ball 1-1: Foul Ball, location: 2F 1-2: Strikes out swinging
|
| Top of the 6th over - 2 runs, 2 hits, 0 errors, 3 left on base; Havana 4 - Monterrey 4 |
| BOTTOM OF THE 6TH |
|
Monterrey Lasers batting - Pitching for Havana Conejitos : RHP Jayden Britz
|
|
Batting: RHB Kirby Puckett
|
0-0: Called Strike 0-1: Ball 1-1: Ball 2-1: Fly out, F3 (Popup, 23F, EV 90.6 MPH)
|
|
Batting: LHB Mike Kingery
|
0-0: Ball 1-0: Ball 2-0: Foul Ball, location: 2F 2-1: Called Strike 2-2: Strikes out swinging
|
|
Batting: RHB Juan Alvarez
|
0-0: Called Strike 0-1: Called Strike 0-2: Ball 1-2: Fly out, F6 (Flyball, 56D, EV 86.9 MPH)
|
| Bottom of the 6th over - 0 runs, 0 hits, 0 errors, 0 left on base; Havana 4 - Monterrey 4 |
| TOP OF THE 7TH |
|
Havana Conejitos batting - Pitching for Monterrey Lasers : LHP Kevin Houston
|
|
Pitching: RHP David Jensen
|
|
|
Batting: LHB Jim Bennett
|
0-0: Ball 1-0: Swinging Strike 1-1: Swinging Strike 1-2: Ball 2-2: Ball 3-2: Base on Balls
|
|
Batting: RHB John Malkin
|
0-0: Ball Passed Ball! Jim Bennett to second 1-0: Foul Ball, location: 2F 1-1: Ball 2-1: Called Strike 2-2: Ball 3-2: Base on Balls
|
|
Batting: LHB Donald Mazzilli
|
0-0: Foul Ball, location: 2F 0-1: Called Strike 0-2: Ball 1-2: Ball 2-2: Strikes out swinging
|
|
Batting: SHB Julio Estrada
|
0-0: Called Strike 0-1: Swinging Strike 0-2: Ball 1-2: SINGLE (Groundball, 15S, EV 65.6 MPH) (infield hit) Jim Bennett to third John Malkin to second
|
|
Batting: LHB Michael Wishnevski
|
0-0: Ball 1-0: Ball Wild Pitch! Jim Bennett scores John Malkin to third Julio Estrada to second 2-0: Intentional Walk
|
|
Batting: RHB Ramon Borrero
|
0-0: SINGLE (Groundball, 6, EV 96.9 MPH) John Malkin scores Julio Estrada to third Michael Wishnevski to second Runner from 3rd tries for Home, throw by CF and OUT! 8-2
|
|
Batting: RHB Ulises Infante
|
0-0: Ball 1-0: Ball 2-0: Ball 3-0: Base on Balls Michael Wishnevski to third Ramon Borrero to second
|
|
Batting: LHB Scott Radloff
|
0-0: Ball 1-0: Foul Ball, location: 2F 1-1: Swinging Strike 1-2: Foul Ball, location: 2F 1-2: Ground out 4-3 (Groundball, 4, EV 108.1 MPH)
|
| Top of the 7th over - 2 runs, 2 hits, 0 errors, 3 left on base; Havana 6 - Monterrey 4 |
| BOTTOM OF THE 7TH |
|
Monterrey Lasers batting - Pitching for Havana Conejitos : RHP Jayden Britz
|
|
Batting: LHB Larry Donofrio
|
0-0: Called Strike 0-1: Ball 1-1: Foul Ball, location: 2F 1-2: Ground out 4-3 (Groundball, 4D, EV 110.6 MPH)
|
|
Batting: RHB Guillermo Montiel
|
0-0: Called Strike 0-1: Called Strike 0-2: Strikes out looking
|
|
Batting: RHB Juan Castro
|
0-0: Fly out, F7 (Flyball, 7LS, EV 76.9 MPH)
|
| Bottom of the 7th over - 0 runs, 0 hits, 0 errors, 0 left on base; Havana 6 - Monterrey 4 |
| TOP OF THE 8TH |
|
Havana Conejitos batting - Pitching for Monterrey Lasers : RHP David Jensen
|
|
Batting: RHB Luis Gonzalez
|
0-0: SINGLE (Groundball, 56D, EV 102.5 MPH)
|
|
Pitching: RHP Alberto Zamora
|
|
|
Batting: LHB Jim Bennett
|
0-0: Foul Ball, location: 2F 0-1: Fly out, F7 (Flyball, 7D, EV 95.0 MPH)
|
|
Batting: RHB John Malkin
|
0-0: Grounds into double play, 5-4-3 (Groundball, 5, EV 89.4 MPH)
|
| Top of the 8th over - 0 runs, 1 hit, 0 errors, 0 left on base; Havana 6 - Monterrey 4 |
| BOTTOM OF THE 8TH |
|
Monterrey Lasers batting - Pitching for Havana Conejitos : RHP Jayden Britz
|
|
Batting: LHB Lenny Dykstra
|
0-0: Called Strike 0-1: Fly out, F8 (Flyball, 89M, EV 82.5 MPH)
|
|
Batting: RHB Bob Brower
|
0-0: Called Strike 0-1: Swinging Strike 0-2: Strikes out swinging
|
|
Batting: LHB Terry Francona
|
0-0: Foul Ball, location: 2F 0-1: Foul Ball, location: 2F 0-2: Ball 1-2: Ball 2-2: Ball 3-2: DOUBLE (Line Drive, 89D, EV 108.1 MPH) - OUT at third base trying to stretch hit.
|
| Bottom of the 8th over - 0 runs, 1 hit, 0 errors, 0 left on base; Havana 6 - Monterrey 4 |
| TOP OF THE 9TH |
|
Havana Conejitos batting - Pitching for Monterrey Lasers : RHP Alberto Zamora
|
|
Batting: LHB Donald Mazzilli
|
0-0: Ball 1-0: Ball 2-0: Swinging Strike 2-1: Ball 3-1: Foul Ball, location: 2F 3-2: Foul Ball, location: 2F 3-2: Fly out, F9 (Flyball, 9, EV 93.8 MPH)
|
|
Batting: SHB Julio Estrada
|
0-0: Ball 1-0: SINGLE (Groundball, 6D, EV 101.9 MPH)
|
|
Batting: LHB Michael Wishnevski
|
0-0: Swinging Strike 0-1: Swinging Strike 0-2: Ball 1-2: Strikes out looking
|
|
Batting: RHB Ramon Borrero
|
0-0: Ball 1-0: Ground out 6-3 (Groundball, 6, EV 88.1 MPH)
|
| Top of the 9th over - 0 runs, 1 hit, 0 errors, 1 left on base; Havana 6 - Monterrey 4 |
| BOTTOM OF THE 9TH |
|
Monterrey Lasers batting - Pitching for Havana Conejitos : RHP Jayden Britz
|
|
Pitching: LHP Lee Guetterman
|
|
|
Now at 1B: Dan Hanggie
|
|
|
Now in LF: Javier Flores
|
|
|
Batting: RHB Kirby Puckett
|
0-0: Fly out, F8 (Line Drive, 8LM, EV 85.6 MPH)
|
|
Batting: LHB Mike Kingery
|
0-0: Called Strike 0-1: Swinging Strike 0-2: Foul Ball, location: 2F 0-2: Ball 1-2: DOUBLE (Line Drive, 78D, EV 108.8 MPH)
|
|
Batting: RHB Juan Alvarez
|
0-0: Ball 1-0: Called Strike 1-1: Ball 2-1: Ball 3-1: Base on Balls
|
|
Pinch Hitting: RHB Victor Woods
|
0-0: Called Strike 0-1: Ball 1-1: Foul Ball, location: 2F 1-2: SINGLE (Groundball, 25, EV 73.1 MPH) (infield hit) Mike Kingery to third Juan Alvarez to second
|
|
Batting: RHB Guillermo Montiel
|
0-0: SINGLE (Groundball, 13S, EV 71.9 MPH) (infield hit) Mike Kingery scores Juan Alvarez to third Victor Woods to second
|
|
Pinch Hitting: RHB Steve Lombardozzi
|
0-0: Ball 1-0: Ball 2-0: Foul Ball, location: 2F 2-1: Foul Ball, location: 2F 2-2: Grounds into fielders choice U2 (Groundball, 2L, EV 67.5 MPH) Victor Woods to third Guillermo Montiel to second
|
|
Batting: LHB Lenny Dykstra
|
0-0: Ball 1-0: SINGLE (Groundball, 6D, EV 99.4 MPH) Victor Woods scores Guillermo Montiel to third Steve Lombardozzi to second Runner from 3rd tries for Home, SAFE, throw by LF to home
|
| Bottom of the 9th over - 3 runs, 4 hits, 0 errors, 0 left on base; Havana 6 - Monterrey 7 |
|